 Dungeon Crawl Stone Soup version 0.24-a0-201-gf205589 (webtiles) character file.

Game seed: 3295118123403220900

44 Gunnerkreig the Magician (level 3, -1/26 HPs)
             Began as a Draconian Wizard on Mar 19, 2019.
             Slain by a jackal (3 damage)
             ... on level 2 of the Dungeon.
             The game lasted 00:05:51 (1689 turns).

Gunnerkreig the Magician (Draconian Wizard)         Turns: 1689, Time: 00:05:52

Health: -1/26      AC:  5    Str:  9    XL:     3   Next: 41%
Magic:  0/7        EV: 12    Int: 19    God:
Gold:   52         SH:  0    Dex:  9    Spells: 7/8 levels left

rFire    . . .     SeeInvis .   e - +0 whip
rCold    . . .     Gourm    .   (no shield)
rNeg     . . .     Faith    .   (armour unavailable)
rPois    .         Spirit   .   a - +0 hat
rElec    .         Reflect  .   (no cloak)
rCorr    .         Harm     .   (no gloves)
MR       .....                  (no boots)
Stlth    ++........             (no amulet)
HPRegen  0.08/turn              (no ring)
MPRegen  0.10/turn              (no ring)

@: very slightly contaminated
A: unfitting armour, cold-blooded, AC +5
a: no special abilities


You were on level 2 of the Dungeon.
You were not hungry.

You visited 1 branch of the dungeon, and saw 2 of its levels.

You collected 52 gold pieces.

Inventory:

Hand Weapons
 e - a +0 whip (weapon)
Missiles
 b - 11 stones (quivered)
Armour
 a - a +0 hat (worn)
Scrolls
 d - a scroll of amnesia


   Skills:
 - Level 1.7 Dodging
 - Level 1.7 Stealth
 + Level 3.4 Spellcasting
 * Level 2.8 Conjurations
   Level 1.0 Summonings
   Level 1.0 Translocations


You had 7 spell levels left.
You knew the following spells:

 Your Spells              Type           Power        Failure   Level  Hunger
a - Magic Dart            Conj           ##..         4%          1    None

Your spell library contained the following spells:

 Spells                   Type           Power        Failure   Level  Hunger
 Blink                    Tloc           N/A          14%         2    ##.....
 Call Imp                 Summ           #.......     14%         2    ##.....
 Slow                     Hex            #.......     22%         2    ##.....
 Conjure Flame            Conj/Fire      #.......     24%         3    ###....
 Mephitic Cloud           Conj/Pois/Air  #.......     30%         3    ###....


Dungeon Overview and Level Annotations

Branches:
Dungeon (2/15)

Altars:

Annotations:
D:1 exclusion: downstairs
D:2 Sigmund


Innate Abilities, Weirdness & Mutations

Your plain brown scales are hard. (AC +5)
You cannot fit into any form of body armour.
You are cold-blooded and may be slowed by cold attacks.


Message History

The jackal is almost dead.
The jackal barely misses you. The jackal bites you.
* * * LOW HITPOINT WARNING * * *
You hit the jackal.
You kill the jackal!
Casting: Magic Dart (safe; 4% risk of failure)
Confirm with . or Enter, or press ? or * to list all spells.
Aiming: Magic Dart (safe; 4% risk of failure)
Press: ? - help, Shift-Dir - straight line, f - jackal
Aim: a jackal The magic dart hits the jackal.
The jackal is moderately wounded.
The jackal barely misses you. The jackal closely misses you.
The jackal misses you.
You hit the jackal.
The jackal is severely wounded.
The jackal bites you but does no damage.
The jackal bites you.
You die...

## .# ********* .# *8,,*,,,,
.######## *_,,,,,,,
h.§.....################*8,,*,,,,
.######..g.hg.gh@......#*###*****
.# ################.# #.# #### .#
***#######.###.###... .#*******
*,,..........†.....#. ..,,,,,,*
*,*#.#####.###.###...
..*****,*****,**,* #.##### ##.#
..#,,,,,,,,**,**,* #...# #.#
..#,***,**,**,**,* #.#.# #.#
#.#,***,,,,,,,**,* #.#.######.#


You could see 3 gnolls and 2 jackals.

Vanquished Creatures
  A gnoll (D:2)
  2 oozes
  A dart slug (D:1)
  A giant cockroach (D:1)
  3 hobgoblins (D:1)
  2 jackals (D:2)
  3 kobolds
  A ball python (D:1)
  A bat (D:2)
  A frilled lizard (D:1)
  6 goblins (D:1)
  4 rats
26 creatures vanquished.

Notes
Turn   | Place    | Note
-------+----------+-------------------------------------------
     0 | D:1      | Gunnerkreig the Draconian Wizard began the quest for the
                  | Orb.
     0 | D:1      | Reached XP level 1. HP: 14/14 MP: 4/4
   254 | D:1      | Reached XP level 2. HP: 20/20 MP: 3/6
  1249 | D:2      | Reached XP level 3. HP: 26/26 MP: 1/7
  1306 | D:2      | Noticed Sigmund
  1689 | D:2      | Slain by a jackal

Levels and vault maps discovered:
D:1:      psy_arrival_whirlpool, layout_basic
D:2:      layout_loops_ring, minivault_23, corexii_hall_statues_x,
          grunt_gozag_breadcrumbs, uniq_sigmund

Skill      XL: |  1  2 |
---------------+-------+-----
Conjurations   | 2 |  2.8
Dodging        | |  1.7
Stealth        | |  1.7
Spellcasting   | |  3.4
Summonings     | |  1.0
Translocations | |  1.0

Action                   || total
-------------------------++-------
Melee: Unarmed           ||     3
       Tailslap          ||     4
       Whip              ||    28
 Cast: Magic Dart        ||    61
  Use: Scroll            ||     7
  Eat: Ration            ||     1
Armor: Skin              ||    13
Dodge: Dodged            ||    40

Table legend:
 A = Non-vault XP
 B = Vault XP
 C = Vault XP percentage of total XP
 D = Non-vault monster count
 E = Vault monster count
 F = Vault count percentage of total count
                 A         B        C        D         E       F
            +---------+---------+-------+---------+---------+-------
      Total |      64 |       0 |   0.0 |      26 |       0 |   0.0
            +---------+---------+-------+---------+---------+-------
        D:1 |      35 |       0 |   0.0 |      18 |       0 |   0.0
        D:2 |      29 |       0 |   0.0 |       8 |       0 |   0.0
            +---------+---------+-------+---------+---------+-------
